Aeros vs Heat

Created - Friday, March 06, 2015 at 03:39

Goals
1 2 3 T
Aeros 0 0 1 1
Heat 1 2 0 3
Shots
1 2 3 T
Aeros 9 4 5 18
Heat 5 13 7 25

1st period

1. Heat , Sami Vatanen 22 (Tyson Strachan) at 10:16 (SH)

Penalties :
Matt Carkner (ABB) for Fighting (Major) at 1:38, Bretton Stamler (HOU) for Fighting (Major) at 1:38, Matt Carkner (ABB) for Hooking (Minor) at 10:03

2nd period

2. Heat , Max Reinhart 8 (Tim Jackman, Ryan Murphy) at 2:52 (PP)
3. Heat , Sami Vatanen 23 (Johan Larsson) at 9:08 (PP)

Penalties :
Bretton Stamler (HOU) for High sticking (Minor) at 2:34, Dana Tyrell (HOU) for Tripping (Minor) at 8:17, Max Reinhart (ABB) for Hooking (Minor) at 15:44

3rd period

4. Aeros , Craig Cunningham 14 (Cam Janssen) at 1:19

Penalties :
No Penalty

Goalie Stats

Jason LaBarbera (HOU), 22 saves from 25 shots - (0.880), L, 7-9-2, 60:00 minutes
Tomas Vokoun (ABB), 17 saves from 18 shots - (0.944), W, 35-12-8, 60:00 minutes

Players Stats for Aeros

Player Name              G  A  P  +/- PIM S  H  SB GA TA FO     MP     PP MP  PK MP  
------------------------------------------------------------------------------------
Andrew Gordon            0  0  0   0  0   1  1  1  0  0  3/8    22:18   1:46   1:09 
Anthony Camara           0  0  0   0  0   0  0  0  0  0  0/0     2:42   0:00   0:00 
Bretton Stamler          0  0  0   0  7   0  3  0  0  1  0/0    18:54   0:35   0:00 
Cam Janssen              0  1  1   0  0   3  3  0  6  1  0/0    19:46   2:00   0:30 
Colin Stuart             0  0  0  -1  0   4  1  0  3  0  0/0    18:41   2:27   0:00 
Craig Cunningham         1  0  1   1  0   2  1  1  2  0  1/2    22:12   1:31   0:21 
Dan Catenacci            0  0  0   0  0   0  1  0  1  0  0/0     8:32   0:12   0:00 
Dana Tyrell              0  0  0   0  2   2  1  0  2  1  11/16  22:50   1:31   0:18 
Ilari Melart             0  0  0   1  0   0  1  1  0  0  0/0    13:44   0:00   0:00 
Jani Hakanpaa            0  0  0   0  0   1  0  1  1  1  0/0    22:15   3:23   1:09 
Jared Gomes              0  0  0   0  0   0  0  0  0  0  0/1     1:33   0:00   0:00 
Jason Zucker             0  0  0   0  0   2  1  1  5  0  0/2    20:21   0:00   0:00 
Jerome Gauthier-Leduc    0  0  0   0  0   1  2  1  1  2  0/0    19:50   0:00   0:00 
Joel Chouinard           0  0  0   0  0   0  0  0  0  0  0/0     1:35   0:00   0:00 
Jon Landry               0  0  0  -1  0   1  1  1  0  0  0/0    25:33   2:29   1:09 
Matthew Pistilli         0  0  0   0  0   0  0  0  1  2  0/0    17:47   0:12   0:00 
Patrick Wey              0  0  0   0  0   0  1  1  0  1  0/0    20:56   1:29   0:00 
Warren Peters            0  0  0   0  0   1  1  0  0  2  7/13   19:19   2:15   0:00 

Players Stats for Heat

Player Name              G  A  P  +/- PIM S  H  SB GA TA FO     MP     PP MP  PK MP  
------------------------------------------------------------------------------------
Corey Potter             0  0  0   0  0   3  5  0  0  3  0/0    24:47   0:29   1:17 
J.T. Miller              0  0  0   0  0   0  0  0  0  0  0/0     0:23   0:00   0:00 
Johan Larsson            0  1  1   0  0   1  1  1  0  1  7/11   18:22   0:29   1:01 
Lucas Lessio             0  0  0   0  0   0  0  0  0  0  0/0     4:24   0:00   0:42 
Matt Carkner             0  0  0   0  7   0  1  1  0  0  0/0    14:43   0:00   0:50 
Max Reinhart             1  0  1  -1  2   2  1  0  2  0  5/12   22:50   0:40   0:51 
Mike Komisarek           0  0  0   0  0   0  0  0  0  0  0/0     0:00   0:00   0:00 
Nikita Kucherov          0  0  0  -1  0   2  1  0  4  0  1/2    18:55   0:47   0:00 
Radek Dvorak             0  0  0   0  0   0  0  0  0  1  3/4    11:32   0:00   0:00 
Ryan Murphy              0  1  1  -1  0   6  0  2  1  1  0/0    20:50   0:40   1:17 
Saku Koivu               0  0  0   0  0   1  0  0  0  0  0/2    17:34   0:00   0:21 
Sami Vatanen             2  0  2   1  0   5  3  0  2  0  0/0    25:57   0:29   1:51 
Stephane Veilleux        0  0  0   0  0   0  4  0  1  0  0/1    18:49   0:00   1:45 
Stuart Percy             0  0  0   0  0   0  0  1  0  0  0/0     5:53   0:00   0:00 
Sven Baertschi           0  0  0   1  0   2  1  0  4  1  1/1    21:53   0:22   1:45 
Tim Jackman              0  1  1   0  0   1  5  0  0  0  1/1    17:47   0:47   0:00 
Tomas Fleischmann        0  0  0   0  0   1  0  0  6  0  2/8    22:57   0:22   1:31 
Tyson Strachan           0  1  1   0  0   1  4  2  0  3  0/0    28:23   0:40   2:41 

3 Stars

1 - Sami Vatanen (ABB)
2 - Craig Cunningham (HOU)
3 - Tomas Vokoun (ABB)

Power Play

Aeros - 0 on 2 Attempt(s) - 0.00%
Heat - 2 on 2 Attempt(s) - 100.00%

Penalty Kill

Aeros - 0 on 2 Attempt(s) - 0.00% - Score 0 goal in Penalty Kill
Heat - 2 on 2 Attempt(s) - 100.00% - Score 1 goal in Penalty Kill

Team Stat

Aeros - Hits : 18 - Faceoff Wins : 22 - Blocked Shots : 8 - Penalty Minutes : 9
Heat - Hits : 26 - Faceoff Wins : 20 - Blocked Shots : 7 - Penalty Minutes : 9

Official

Referees : Unknown
Linesman : Unknown

Game Notes

Bretton Stamler beats up Matt Carkner at 1:38 of 1st period
1:19 of 3rd period - Aeros goal is going for a video replay. After video review, Goal.

Finance

Level 1 -- Attendance: 1399 (69.95%) -- Ticket Income $48,965
Level 2 -- Attendance: 754 (75.40%) -- Ticket Income $11,310
Total Attendance: 2153 (71.77%)
Total Ticket Income: $60,275
Other Income: $29,535
Total Income: $89,810

Aeros

5 vs 5 Forward 
   Center                   Left Wing                Right Wing               Time % Phy DF OF 
 1 Dana Tyrell              Jason Zucker             Andrew Gordon            35     1   2  2  
 2 Warren Peters            Craig Cunningham         Cam Janssen              30     1   2  2  
 3 Dana Tyrell              Colin Stuart             Matthew Pistilli         22     1   2  2  
 4 Andrew Gordon            Jason Zucker             Craig Cunningham         13     1   2  2  

5 vs 5 Defense 
   Defense                  Defense                                           Time % Phy DF OF 
 1 Jon Landry               Patrick Wey                                       35     1   2  2  
 2 Bretton Stamler          Jerome Gauthier-Leduc                             30     1   2  2  
 3 Ilari Melart             Jani Hakanpaa                                     22     1   2  2  
 4 Jon Landry               Jani Hakanpaa                                     13     1   2  2  

PowerPlay Forward 
   Center                   Left Wing                Right Wing               Time % Phy DF OF 
 1 Warren Peters            Colin Stuart             Andrew Gordon            60     1   2  2  
 2 Dana Tyrell              Craig Cunningham         Cam Janssen              40     1   2  2  

PowerPlay Defense
   Defense                  Defense                                           Time % Phy DF OF 
 1 Jani Hakanpaa            Jon Landry                                        60     1   2  2  
 2 Jani Hakanpaa            Patrick Wey                                       40     1   2  2  

Penalty Kill 4 Players Forward 
   Center                   Wing                     Time % Phy DF OF 
 1 Andrew Gordon            Dana Tyrell              60     1   2  2  
 2 Craig Cunningham         Colin Stuart             40     1   2  2  

Penalty Kill 4 Players Defense
   Defense                  Defense                  Time % Phy DF OF 
 1 Jani Hakanpaa            Jon Landry               60     1   2  2  
 2 Jerome Gauthier-Leduc    Patrick Wey              40     1   2  2  

Penalty Kill - 3 Players Forward 
   Forward                                           Time % Phy DF OF 
 1 Andrew Gordon                                     60     1   2  2  
 2 Dana Tyrell                                       40     1   2  2  

Penalty Kill - 3 Players Defense
   Defense                  Defense                  Time % Phy DF OF 
 1 Jani Hakanpaa            Jon Landry               60     1   2  2  
 2 Jerome Gauthier-Leduc    Patrick Wey              40     1   2  2  

4 vs 4 Forward 
   Center                   Wing                     Time % Phy DF OF 
 1 Andrew Gordon            Jason Zucker             60     1   2  2  
 2 Craig Cunningham         Colin Stuart             40     1   2  2  

4 vs 4 Defense
   Defense                  Defense                  Time % Phy DF OF 
 1 Jani Hakanpaa            Jon Landry               60     1   2  2  
 2 Bretton Stamler          Patrick Wey              40     1   2  2  

Last Minutes Offensive
   Center                   Left Wing                Right Wing               Defense                  Defense                  
   Warren Peters            Jason Zucker             Andrew Gordon            Patrick Wey              Jon Landry               

Last Minutes Defensive
   Center                   Left Wing                Right Wing               Defense                  Defense                  
   Warren Peters            Dana Tyrell              Andrew Gordon            Jani Hakanpaa            Jon Landry               

Goaltenders
Starting : Jason LaBarbera          
Backup : David Leggio             

Extra Forwards
Normal : Matthew Pistilli, Andrew Gordon, Dana Tyrell - PP : Matthew Pistilli, Andrew Gordon - PK : Cam Janssen
Extra Defensemen
Normal : Bretton Stamler, Jon Landry, Jani Hakanpaa - PP : Bretton Stamler - PK : Bretton Stamler, Jani Hakanpaa
Penalty Shots
Andrew Gordon, Jason Zucker, Craig Cunningham, Colin Stuart, Warren Peters

Heat

5 vs 5 Forward 
   Center                   Left Wing                Right Wing               Time % Phy DF OF 
 1 Johan Larsson            Sven Baertschi           Tomas Fleischmann        34     1   2  2  
 2 Max Reinhart             Stephane Veilleux        Nikita Kucherov          30     1   2  2  
 3 Tomas Fleischmann        Tim Jackman              Saku Koivu               24     1   2  2  
 4 Radek Dvorak             Max Reinhart             Sven Baertschi           12     1   2  2  

5 vs 5 Defense 
   Defense                  Defense                                           Time % Phy DF OF 
 1 Corey Potter             Sami Vatanen                                      35     1   2  2  
 2 Tyson Strachan           Ryan Murphy                                       30     1   2  2  
 3 Tyson Strachan           Matt Carkner                                      25     1   2  2  
 4 Sami Vatanen             Tyson Strachan                                    10     1   2  2  

PowerPlay Forward 
   Center                   Left Wing                Right Wing               Time % Phy DF OF 
 1 Johan Larsson            Sven Baertschi           Tomas Fleischmann        50     0   0  5  
 2 Max Reinhart             Tim Jackman              Nikita Kucherov          50     0   0  5  

PowerPlay Defense
   Defense                  Defense                                           Time % Phy DF OF 
 1 Corey Potter             Sami Vatanen                                      50     0   1  4  
 2 Tyson Strachan           Ryan Murphy                                       50     0   1  4  

Penalty Kill 4 Players Forward 
   Center                   Wing                     Time % Phy DF OF 
 1 Max Reinhart             Tomas Fleischmann        50     0   5  0  
 2 Sven Baertschi           Stephane Veilleux        50     0   5  0  

Penalty Kill 4 Players Defense
   Defense                  Defense                  Time % Phy DF OF 
 1 Ryan Murphy              Corey Potter             50     0   5  0  
 2 Tyson Strachan           Matt Carkner             50     0   5  0  

Penalty Kill - 3 Players Forward 
   Forward                                           Time % Phy DF OF 
 1 Max Reinhart                                      50     0   5  0  
 2 Tomas Fleischmann                                 50     0   5  0  

Penalty Kill - 3 Players Defense
   Defense                  Defense                  Time % Phy DF OF 
 1 Sami Vatanen             Corey Potter             50     0   5  0  
 2 Tyson Strachan           Matt Carkner             50     0   5  0  

4 vs 4 Forward 
   Center                   Wing                     Time % Phy DF OF 
 1 Johan Larsson            Tomas Fleischmann        50     1   2  2  
 2 Max Reinhart             Sven Baertschi           50     1   2  2  

4 vs 4 Defense
   Defense                  Defense                  Time % Phy DF OF 
 1 Tyson Strachan           Sami Vatanen             50     1   2  2  
 2 Corey Potter             Ryan Murphy              50     1   2  2  

Last Minutes Offensive
   Center                   Left Wing                Right Wing               Defense                  Defense                  
   Johan Larsson            Tomas Fleischmann        Sven Baertschi           Ryan Murphy              Sami Vatanen             

Last Minutes Defensive
   Center                   Left Wing                Right Wing               Defense                  Defense                  
   Max Reinhart             Stephane Veilleux        Tomas Fleischmann        Tyson Strachan           Corey Potter             

Goaltenders
Starting : Tomas Vokoun             
Backup : Eddie Pasquale           

Extra Forwards
Normal : Stephane Veilleux, Max Reinhart, Nikita Kucherov - PP : Sven Baertschi, Tomas Fleischmann - PK : Max Reinhart
Extra Defensemen
Normal : Corey Potter, Ryan Murphy, Tyson Strachan - PP : Corey Potter - PK : Sami Vatanen, Ryan Murphy
Penalty Shots
Nikita Kucherov, Max Reinhart, Sven Baertschi, Tim Jackman, Stephane Veilleux

% Time on Ice - Aeros

Lines # - Real PCT - Wanted PCT - Time Play
Normal Forward
1 - 30% - 35% - 16:14
2 - 32% - 30% - 17:42
3 - 26% - 22% - 14:02
4 - 13% - 13% - 6:55
Normal Defense
1 - 32% - 35% - 17:20
2 - 36% - 30% - 19:53
3 - 25% - 22% - 13:44
4 - 7% - 13% - 3:56
PP Forward
1 - 62% - 60% - 2:27
2 - 38% - 40% - 1:31
PP Defense
1 - 63% - 60% - 2:29
2 - 37% - 40% - 1:29
PK Forward
1 - 100% - 60% - 1:09
2 - 0% - 40% - 0:00
PK Defense
1 - 100% - 60% - 1:09
2 - 0% - 40% - 0:00
PK3 Forward
1 - 0% - 60%
2 - 0% - 40%
PK3 Defense
1 - 0% - 60%
2 - 0% - 40%
44 Forward
1 - 0% - 60%
2 - 0% - 40%
44 Defense
1 - 0% - 60%
2 - 0% - 40%
Last Minute Offensive  - 0:00
Last Minute Defensive  - 0:00
Total
Forward - 60:00
Defense - 60:00

% Time on Ice - Heat

Lines # - Real PCT - Wanted PCT - Time Play
Normal Forward
1 - 26% - 34% - 14:02
2 - 29% - 30% - 15:54
3 - 29% - 24% - 16:06
4 - 16% - 12% - 8:51
Normal Defense
1 - 39% - 35% - 21:08
2 - 30% - 30% - 16:30
3 - 27% - 25% - 14:46
4 - 5% - 10% - 2:29
PP Forward
1 - 32% - 50% - 0:22
2 - 68% - 50% - 0:47
PP Defense
1 - 42% - 50% - 0:29
2 - 58% - 50% - 0:40
PK Forward
1 - 56% - 50% - 2:13
2 - 44% - 50% - 1:45
PK Defense
1 - 32% - 50% - 1:17
2 - 68% - 50% - 2:41
PK3 Forward
1 - 0% - 50%
2 - 0% - 50%
PK3 Defense
1 - 0% - 50%
2 - 0% - 50%
44 Forward
1 - 0% - 50%
2 - 0% - 50%
44 Defense
1 - 0% - 50%
2 - 0% - 50%
Last Minute Offensive  - 0:00
Last Minute Defensive  - 0:00
Total
Forward - 60:00
Defense - 60:00

Play by Play

1st period


0:01 of 1st period - Dana Tyrell wins face-off versus Johan Larsson in neutral zone.
0:29 of 1st period - Icing by Jason Zucker.
0:30 of 1st period - Dana Tyrell wins face-off versus Max Reinhart in Aeros zone.
0:35 of 1st period - Tyson Strachan is hit by Dana Tyrell and loses puck.
0:53 of 1st period - Off-side.
0:54 of 1st period - Tomas Fleischmann wins face-off versus Warren Peters in neutral zone.
1:09 of 1st period - Tim Jackman is hit by Jerome Gauthier-Leduc and loses puck.
1:38 of 1st period - Bretton Stamler beats up Matt Carkner.
1:38 of 1st period - Penalty to Matt Carkner for Fighting.
1:38 of 1st period - Penalty to Bretton Stamler for Fighting.
1:39 of 1st period - Radek Dvorak wins face-off versus Dana Tyrell in neutral zone.
2:08 of 1st period - Snap shot by Dana Tyrell.
2:08 of 1st period - Deflect By Max Reinhart.
2:08 of 1st period - Shot Misses the Net.
2:08 of 1st period - Puck is out of play.
2:09 of 1st period - Tim Jackman wins face-off versus Andrew Gordon in Heat zone.
2:34 of 1st period - Wrist shot by Craig Cunningham.
2:34 of 1st period - Shot Blocked by Tyson Strachan.
2:39 of 1st period - Off-side.
2:40 of 1st period - Dana Tyrell wins face-off versus Max Reinhart in neutral zone.
3:01 of 1st period - Snap shot by Dana Tyrell.
3:01 of 1st period - Stopped by Tomas Vokoun with a rebound.
3:03 of 1st period - Slapshot by Matthew Pistilli.
3:03 of 1st period - Shot Misses the Net.
4:24 of 1st period - Snap shot by Dana Tyrell.
4:24 of 1st period - Shot Blocked by Ryan Murphy.
4:26 of 1st period - Wrist shot by Jason Zucker.
4:26 of 1st period - Shot Misses the Net.
4:28 of 1st period - Slapshot by Patrick Wey.
4:28 of 1st period - Shot Misses the Net.
4:30 of 1st period - Slapshot by Patrick Wey.
4:30 of 1st period - Deflect By Jason Zucker.
4:30 of 1st period - Shot Blocked by Tyson Strachan.
4:30 of 1st period - Puck is out of play.
4:31 of 1st period - Andrew Gordon wins face-off versus Tomas Fleischmann in Heat zone.
5:14 of 1st period - Jerome Gauthier-Leduc is hit by Stephane Veilleux and loses puck.
6:33 of 1st period - Sami Vatanen is hit by Warren Peters and loses puck.
7:06 of 1st period - Wrist shot by Nikita Kucherov.
7:06 of 1st period - Shot Blocked by Patrick Wey.
7:08 of 1st period - Wrist shot by Johan Larsson.
7:08 of 1st period - Shot Misses the Net.
7:26 of 1st period - Snap shot by Sami Vatanen.
7:26 of 1st period - Shot Misses the Net.
7:28 of 1st period - Backhand shot by Sami Vatanen.
7:28 of 1st period - Shot Misses the Net.
8:27 of 1st period - Matthew Pistilli is hit by Corey Potter and loses puck.
8:46 of 1st period - Snap shot by Sven Baertschi.
8:46 of 1st period - Stopped by Jason LaBarbera with a rebound.
10:03 of 1st period - Minor Penalty to Matt Carkner for Hooking.
10:04 of 1st period - Warren Peters wins face-off versus Stephane Veilleux in Heat zone.
10:16 of 1st period - Slapshot by Sami Vatanen.
10:16 of 1st period - Deflect By Colin Stuart.
10:16 of 1st period - Goal by Sami Vatanen - Aeros : 0 - Heat : 1.
10:17 of 1st period - Max Reinhart wins face-off versus Warren Peters in neutral zone.
10:20 of 1st period - Slapshot by Sami Vatanen.
10:20 of 1st period - Stopped by Jason LaBarbera with a rebound.
10:22 of 1st period - Wrist shot by Tyson Strachan.
10:22 of 1st period - Shot Misses the Net.
10:24 of 1st period - Wrist shot by Max Reinhart.
10:24 of 1st period - Deflect By Tomas Fleischmann.
10:24 of 1st period - Shot Blocked by Jon Landry.
10:24 of 1st period - Puck is out of play.
10:25 of 1st period - Warren Peters wins face-off versus Max Reinhart in Aeros zone.
11:17 of 1st period - Max Reinhart is hit by Andrew Gordon and loses puck.
11:39 of 1st period - Slapshot by Craig Cunningham.
11:39 of 1st period - Shot Misses the Net.
11:41 of 1st period - Snap shot by Cam Janssen.
11:41 of 1st period - Shot Misses the Net.
11:43 of 1st period - Wrist shot by Craig Cunningham.
11:43 of 1st period - Shot Misses the Net.
12:03 of 1st period - Penalty to Matt Carkner is over, Matt Carkner is back on ice.
12:16 of 1st period - Dana Tyrell is hit by Matt Carkner and loses puck.
12:23 of 1st period - Johan Larsson is hit by Colin Stuart and loses puck.
12:28 of 1st period - Wrist shot by Matthew Pistilli.
12:28 of 1st period - Shot Blocked by Johan Larsson.
12:57 of 1st period - Icing by Ryan Murphy.
12:58 of 1st period - Dana Tyrell wins face-off versus Nikita Kucherov in Heat zone.
13:07 of 1st period - Slapshot by Jason Zucker.
13:07 of 1st period - Stopped by Tomas Vokoun with a rebound.
13:09 of 1st period - Snap shot by Dana Tyrell.
13:09 of 1st period - Shot Misses the Net.
13:11 of 1st period - Slapshot by Jon Landry.
13:11 of 1st period - Shot Blocked by Ryan Murphy.
13:13 of 1st period - Slapshot by Dana Tyrell.
13:13 of 1st period - Stopped by Tomas Vokoun with a rebound.
13:27 of 1st period - Wrist shot by Cam Janssen.
13:27 of 1st period - Stopped by Tomas Vokoun with a rebound.
13:29 of 1st period - Wrist shot by Jani Hakanpaa.
13:29 of 1st period - Stopped by Tomas Vokoun with a rebound.
13:31 of 1st period - Slapshot by Jani Hakanpaa.
13:31 of 1st period - Deflect By Warren Peters.
13:31 of 1st period - Shot Misses the Net.
13:31 of 1st period - Puck is out of play.
13:32 of 1st period - Radek Dvorak wins face-off versus Craig Cunningham in Heat zone.
13:59 of 1st period - Slapshot by Jason Zucker.
13:59 of 1st period - Shot Misses the Net.
14:01 of 1st period - Slapshot by Jerome Gauthier-Leduc.
14:01 of 1st period - Stopped by Tomas Vokoun with a rebound.
14:03 of 1st period - Backhand shot by Andrew Gordon.
14:03 of 1st period - Stopped by Tomas Vokoun without a rebound.
14:04 of 1st period - Dana Tyrell wins face-off versus Max Reinhart in Heat zone.
14:42 of 1st period - Off-side.
14:43 of 1st period - Tomas Fleischmann wins face-off versus Andrew Gordon in neutral zone.
14:48 of 1st period - Craig Cunningham is hit by Tim Jackman and loses puck.
14:53 of 1st period - Slapshot by Ryan Murphy.
14:53 of 1st period - Stopped by Jason LaBarbera with a rebound.
14:55 of 1st period - Slapshot by Corey Potter.
14:55 of 1st period - Stopped by Jason LaBarbera with a rebound.
15:17 of 1st period - Wrist shot by Colin Stuart.
15:17 of 1st period - Stopped by Tomas Vokoun without a rebound.
15:18 of 1st period - Dana Tyrell wins face-off versus Max Reinhart in Heat zone.
15:21 of 1st period - Wrist shot by Colin Stuart.
15:21 of 1st period - Stopped by Tomas Vokoun without a rebound.
15:22 of 1st period - Dana Tyrell wins face-off versus Tomas Fleischmann in Heat zone.
15:35 of 1st period - Warren Peters is hit by Tim Jackman.
15:49 of 1st period - Ryan Murphy is hit by Patrick Wey and loses puck.
16:58 of 1st period - Warren Peters is hit by Tyson Strachan and loses puck.
17:39 of 1st period - Snap shot by Jason Zucker.
17:39 of 1st period - Shot Misses the Net.
18:31 of 1st period - Matt Carkner is hit by Ilari Melart.
18:43 of 1st period - Patrick Wey is hit by Corey Potter and loses puck.
19:11 of 1st period - Snap shot by Dana Tyrell.
19:11 of 1st period - Shot Misses the Net.
19:13 of 1st period - Slapshot by Jon Landry.
19:13 of 1st period - Shot Blocked by Stuart Percy.
19:33 of 1st period - Icing by Ryan Murphy.
19:34 of 1st period - Max Reinhart wins face-off versus Jason Zucker in Heat zone.
19:34 of 1st period - Max Reinhart is hit by Bretton Stamler.
Goals for this period are 0 for Aeros vs 1 for Heat.
Shots for this period are 9 for Aeros vs 5 for Heat.

2nd period


0:01 of 2nd period - Johan Larsson wins face-off versus Dana Tyrell in neutral zone.
0:06 of 2nd period - Andrew Gordon is hit by Johan Larsson.
0:22 of 2nd period - Snap shot by Jason Zucker.
0:22 of 2nd period - Shot Misses the Net.
0:24 of 2nd period - Wrist shot by Andrew Gordon.
0:24 of 2nd period - Shot Hit the Post.
0:26 of 2nd period - Slapshot by Jon Landry.
0:26 of 2nd period - Stopped by Tomas Vokoun with a rebound.
0:30 of 2nd period - Snap shot by Jason Zucker.
0:30 of 2nd period - Stopped by Tomas Vokoun with a rebound.
0:58 of 2nd period - Snap shot by Nikita Kucherov.
0:58 of 2nd period - Stopped by Jason LaBarbera with a rebound.
1:00 of 2nd period - Slapshot by Corey Potter.
1:00 of 2nd period - Stopped by Jason LaBarbera with a rebound.
1:02 of 2nd period - Wrist shot by Max Reinhart.
1:02 of 2nd period - Shot Misses the Net.
1:04 of 2nd period - Snap shot by Sami Vatanen.
1:04 of 2nd period - Stopped by Jason LaBarbera with a rebound.
1:06 of 2nd period - Wrist shot by Max Reinhart.
1:06 of 2nd period - Shot Misses the Net.
1:08 of 2nd period - Slapshot by Sami Vatanen.
1:08 of 2nd period - Shot Misses the Net.
1:10 of 2nd period - Snap shot by Corey Potter.
1:10 of 2nd period - Deflect By Max Reinhart.
1:10 of 2nd period - Stopped by Jason LaBarbera with a rebound.
1:12 of 2nd period - Wrist shot by Stephane Veilleux.
1:12 of 2nd period - Shot Blocked by Craig Cunningham.
1:14 of 2nd period - Snap shot by Max Reinhart.
1:14 of 2nd period - Shot Misses the Net.
1:53 of 2nd period - Jani Hakanpaa is hit by Tim Jackman and loses puck.
2:10 of 2nd period - Snap shot by Sami Vatanen.
2:10 of 2nd period - Deflect By Sven Baertschi.
2:10 of 2nd period - Deflect By Dana Tyrell.
2:10 of 2nd period - Shot Blocked by Jani Hakanpaa.
2:10 of 2nd period - Puck is out of play.
2:11 of 2nd period - Radek Dvorak wins face-off versus Andrew Gordon in Aeros zone.
2:34 of 2nd period - Minor Penalty to Bretton Stamler for High sticking.
2:35 of 2nd period - Max Reinhart wins face-off versus Andrew Gordon in Aeros zone.
2:44 of 2nd period - Backhand shot by Ryan Murphy.
2:44 of 2nd period - Stopped by Jason LaBarbera with a rebound.
2:48 of 2nd period - Slapshot by Ryan Murphy.
2:48 of 2nd period - Stopped by Jason LaBarbera with a rebound.
2:50 of 2nd period - Snap shot by Tim Jackman.
2:50 of 2nd period - Stopped by Jason LaBarbera with a rebound.
2:52 of 2nd period - Snap shot by Max Reinhart.
2:52 of 2nd period - Goal by Max Reinhart - Aeros : 0 - Heat : 2.
2:53 of 2nd period - Johan Larsson wins face-off versus Warren Peters in neutral zone.
2:56 of 2nd period - Slapshot by Corey Potter.
2:56 of 2nd period - Stopped by Jason LaBarbera without a rebound.
2:57 of 2nd period - Johan Larsson wins face-off versus Warren Peters in Aeros zone.
4:01 of 2nd period - Jerome Gauthier-Leduc is hit by Corey Potter and loses puck.
4:48 of 2nd period - Dana Tyrell is hit by Tyson Strachan and loses puck.
5:12 of 2nd period - Max Reinhart is hit by Craig Cunningham and loses puck.
5:17 of 2nd period - Snap shot by Craig Cunningham.
5:17 of 2nd period - Shot Misses the Net.
6:26 of 2nd period - Snap shot by Sami Vatanen.
6:26 of 2nd period - Deflect By Tim Jackman.
6:26 of 2nd period - Shot Blocked by Ilari Melart.
6:26 of 2nd period - Puck is out of play.
6:27 of 2nd period - Warren Peters wins face-off versus Tomas Fleischmann in Aeros zone.
7:07 of 2nd period - Slapshot by Jason Zucker.
7:07 of 2nd period - Shot Misses the Net.
7:59 of 2nd period - Sami Vatanen is hit by Cam Janssen and loses puck.
8:12 of 2nd period - Slapshot by Ryan Murphy.
8:12 of 2nd period - Stopped by Jason LaBarbera without a rebound.
8:13 of 2nd period - Johan Larsson wins face-off versus Dana Tyrell in Aeros zone.
8:17 of 2nd period - Minor Penalty to Dana Tyrell for Tripping.
8:18 of 2nd period - Andrew Gordon wins face-off versus Max Reinhart in Aeros zone.
9:08 of 2nd period - Snap shot by Sami Vatanen.
9:08 of 2nd period - Goal by Sami Vatanen - Aeros : 0 - Heat : 3.
9:09 of 2nd period - Dana Tyrell wins face-off versus Tomas Fleischmann in neutral zone.
9:41 of 2nd period - Icing by Corey Potter.
9:42 of 2nd period - Warren Peters wins face-off versus Saku Koivu in Heat zone.
9:45 of 2nd period - Snap shot by Cam Janssen.
9:45 of 2nd period - Stopped by Tomas Vokoun without a rebound.
9:46 of 2nd period - Max Reinhart wins face-off versus Warren Peters in Heat zone.
11:12 of 2nd period - Slapshot by Sven Baertschi.
11:12 of 2nd period - Stopped by Jason LaBarbera without a rebound.
11:13 of 2nd period - Dana Tyrell wins face-off versus Max Reinhart in Aeros zone.
11:40 of 2nd period - Snap shot by Tomas Fleischmann.
11:40 of 2nd period - Shot Blocked by Jerome Gauthier-Leduc.
12:02 of 2nd period - Stephane Veilleux is hit by Jerome Gauthier-Leduc and loses puck.
12:20 of 2nd period - Andrew Gordon is hit by Sami Vatanen and loses puck.
13:23 of 2nd period - Icing by Jani Hakanpaa.
13:24 of 2nd period - Johan Larsson wins face-off versus Jason Zucker in Aeros zone.
13:24 of 2nd period - Johan Larsson is hit by Jon Landry.
13:26 of 2nd period - Slapshot by Sami Vatanen.
13:26 of 2nd period - Stopped by Jason LaBarbera without a rebound.
13:27 of 2nd period - Warren Peters wins face-off versus Johan Larsson in Aeros zone.
13:36 of 2nd period - Jerome Gauthier-Leduc is hit by Corey Potter.
14:55 of 2nd period - Craig Cunningham is hit by Nikita Kucherov and loses puck.
15:33 of 2nd period - Jerome Gauthier-Leduc is hit by Tyson Strachan and loses puck.
15:44 of 2nd period - Minor Penalty to Max Reinhart for Hooking.
15:45 of 2nd period - Sven Baertschi wins face-off versus Warren Peters in Heat zone.
16:26 of 2nd period - Ryan Murphy is hit by Cam Janssen and loses puck.
16:52 of 2nd period - Warren Peters is hit by Corey Potter and loses puck.
17:44 of 2nd period - Penalty to Max Reinhart is over, Max Reinhart is back on ice.
18:03 of 2nd period - Matthew Pistilli is hit by Stephane Veilleux and loses puck.
18:48 of 2nd period - Icing by Corey Potter.
18:49 of 2nd period - Max Reinhart wins face-off versus Andrew Gordon in Heat zone.
19:38 of 2nd period - Snap shot by Warren Peters.
19:38 of 2nd period - Stopped by Tomas Vokoun without a rebound.
19:39 of 2nd period - Warren Peters wins face-off versus Tomas Fleischmann in Heat zone.
Goals for this period are 0 for Aeros vs 2 for Heat.
Shots for this period are 4 for Aeros vs 13 for Heat.

3rd period


0:01 of 3rd period - Johan Larsson wins face-off versus Dana Tyrell in neutral zone.
0:04 of 3rd period - Dana Tyrell is hit by Sami Vatanen and loses puck.
0:50 of 3rd period - Snap shot by Nikita Kucherov.
0:50 of 3rd period - Stopped by Jason LaBarbera with a rebound.
0:52 of 3rd period - Slapshot by Tyson Strachan.
0:52 of 3rd period - Shot Blocked by Jason Zucker.
0:54 of 3rd period - Backhand shot by Stephane Veilleux.
0:54 of 3rd period - Shot Misses the Net.
0:56 of 3rd period - Snap shot by Ryan Murphy.
0:56 of 3rd period - Stopped by Jason LaBarbera with a rebound.
1:17 of 3rd period - Wrist shot by Craig Cunningham.
1:17 of 3rd period - Deflect By Cam Janssen.
1:17 of 3rd period - Stopped by Tomas Vokoun with a rebound.
1:19 of 3rd period - Snap shot by Craig Cunningham.
1:19 of 3rd period - Aeros goal is going for a video replay.
1:19 of 3rd period - The goal is good.
1:19 of 3rd period - Goal by Craig Cunningham - Aeros : 1 - Heat : 3.
1:20 of 3rd period - Craig Cunningham wins face-off versus Tomas Fleischmann in neutral zone.
1:42 of 3rd period - Tomas Fleischmann is hit by Cam Janssen and loses puck.
3:04 of 3rd period - Max Reinhart is hit by Bretton Stamler and loses puck.
3:09 of 3rd period - Wrist shot by Warren Peters.
3:09 of 3rd period - Shot Misses the Net.
3:27 of 3rd period - Wrist shot by Colin Stuart.
3:27 of 3rd period - Stopped by Tomas Vokoun without a rebound.
3:28 of 3rd period - Johan Larsson wins face-off versus Dana Tyrell in Heat zone.
3:55 of 3rd period - Wrist shot by Jason Zucker.
3:55 of 3rd period - Shot Misses the Net.
3:57 of 3rd period - Wrist shot by Craig Cunningham.
3:57 of 3rd period - Shot Misses the Net.
3:59 of 3rd period - Slapshot by Andrew Gordon.
3:59 of 3rd period - Shot Misses the Net.
4:01 of 3rd period - Slapshot by Jon Landry.
4:01 of 3rd period - Shot Misses the Net.
4:34 of 3rd period - Slapshot by Max Reinhart.
4:34 of 3rd period - Shot Misses the Net.
5:40 of 3rd period - Snap shot by Craig Cunningham.
5:40 of 3rd period - Stopped by Tomas Vokoun without a rebound.
5:41 of 3rd period - Andrew Gordon wins face-off versus Saku Koivu in Heat zone.
6:17 of 3rd period - Dana Tyrell is hit by Tyson Strachan and loses puck.
6:52 of 3rd period - Slapshot by Sami Vatanen.
6:52 of 3rd period - Deflect By Johan Larsson.
6:52 of 3rd period - Stopped by Jason LaBarbera without a rebound.
6:53 of 3rd period - Warren Peters wins face-off versus Johan Larsson in Aeros zone.
6:58 of 3rd period - Bretton Stamler is hit by Tim Jackman and loses puck.
7:20 of 3rd period - Andrew Gordon is hit by Sami Vatanen and loses puck.
9:22 of 3rd period - Colin Stuart is hit by Tim Jackman and loses puck.
9:29 of 3rd period - Snap shot by Tomas Fleischmann.
9:29 of 3rd period - Stopped by Jason LaBarbera with a rebound.
9:51 of 3rd period - Dana Tyrell is hit by Sven Baertschi and loses puck.
10:00 of 3rd period - Matt Carkner is hit by Jason Zucker and loses puck.
10:54 of 3rd period - Craig Cunningham is hit by Stephane Veilleux.
11:14 of 3rd period - Slapshot by Sami Vatanen.
11:14 of 3rd period - Shot Blocked by Andrew Gordon.
11:38 of 3rd period - Slapshot by Ryan Murphy.
11:38 of 3rd period - Stopped by Jason LaBarbera with a rebound.
11:40 of 3rd period - Slapshot by Tyson Strachan.
11:40 of 3rd period - Deflect By Lucas Lessio.
11:40 of 3rd period - Shot Misses the Net.
11:40 of 3rd period - Puck is out of play.
11:41 of 3rd period - Dana Tyrell wins face-off versus Radek Dvorak in Aeros zone.
12:27 of 3rd period - Colin Stuart is hit by Max Reinhart and loses puck.
12:48 of 3rd period - Sven Baertschi is hit by Bretton Stamler and loses puck.
13:44 of 3rd period - Snap shot by Andrew Gordon.
13:44 of 3rd period - Deflect By Craig Cunningham.
13:44 of 3rd period - Shot Blocked by Matt Carkner.
13:44 of 3rd period - Puck is out of play.
13:45 of 3rd period - Nikita Kucherov wins face-off versus Jared Gomes in Heat zone.
14:06 of 3rd period - Off-side.
14:07 of 3rd period - Dana Tyrell wins face-off versus Johan Larsson in neutral zone.
14:10 of 3rd period - Snap shot by Colin Stuart.
14:10 of 3rd period - Stopped by Tomas Vokoun with a rebound.
14:30 of 3rd period - Snap shot by Tomas Fleischmann.
14:30 of 3rd period - Shot Misses the Net.
14:32 of 3rd period - Slapshot by Tyson Strachan.
14:32 of 3rd period - Stopped by Jason LaBarbera with a rebound.
14:34 of 3rd period - Slapshot by Saku Koivu.
14:34 of 3rd period - Stopped by Jason LaBarbera with a rebound.
14:55 of 3rd period - Craig Cunningham is hit by Stephane Veilleux and loses puck.
17:34 of 3rd period - Wrist shot by Colin Stuart.
17:34 of 3rd period - Shot Misses the Net.
17:56 of 3rd period - Tomas Fleischmann is hit by Dan Catenacci and loses puck.
Goals for this period are 1 for Aeros vs 0 for Heat.
Shots for this period are 5 for Aeros vs 7 for Heat.


Output by the SimonT Hockey Simulator (STHS) for Eric Dolegowski -- Original Page W3C XHTML 1.0 Valid
Hockey Simulator - Hockey Simulation - Hockey Manager